 Dungeon Crawl Stone Soup version 0.28.0-45-g0d030f2227 (webtiles) character file.

Game seed: 2387412799586154570

114 GigaChad the Covered (level 4, -1/40 HPs)
             Began as a Minotaur Fighter on Apr 14, 2022.
             Slain by a gnoll
             ... wielding a +0 flail
              (6 damage)
             ... on level 3 of the Dungeon.
             The game lasted 00:03:54 (1903 turns).

GigaChad the Covered (Minotaur Fighter)             Turns: 1903, Time: 00:03:55

Health: -1/40      AC:  7    Str: 20    XL:     4   Next: 66%
Magic:  3/3        EV:  9    Int:  5    God:
Gold:   37         SH:  5    Dex: 12    Spells: 3/3 levels left

rFire   . . .      SeeInvis .   a - +0 long sword
rCold   . . .      Faith    .   c - +0 buckler
rNeg    . . .      Spirit   .   b - +0 scale mail
rPois   .          Reflect  .   (helmet restricted)
rElec   .          Harm     .   (no cloak)
rCorr   .          Rampage  .   (no gloves)
Will    .....                   (no boots)
Stlth   ..........              (no amulet)
HPRegen 0.13/turn               (no ring)
MPRegen 0.08/turn               (no ring)

@: no status effects
A: horns 2, retaliatory headbutt
a: no special abilities


You were on level 3 of the Dungeon.
You visited 1 branch of the dungeon, and saw 3 of its levels.

You collected 37 gold pieces.

Inventory:

Hand Weapons
 a - a +0 long sword (weapon)
 e - a +0 whip of freezing
 q - a +3 spear
Missiles
 g - 4 javelins (quivered)
 o - 30 arrows
Armour
 b - a +0 scale mail (worn)
 c - a +0 buckler (worn)
Wands
 n - a wand of paralysis (10)
Scrolls
 i - a scroll of magic mapping {unknown}
 j - 2 scrolls of teleportation {unknown}
 k - a scroll of enchant weapon {unknown}
 l - a scroll of identify {unknown}
Potions
 d - a potion of might
 f - a potion of heal wounds {unknown}
 h - a potion of mutation {unknown}
 m - a potion of haste {unknown}
 p - a potion of curing {unknown}


   Skills:
 + Level 4.2 Fighting
 + Level 3.6 Long Blades
 + Level 4.5 Armour
 + Level 1.4 Dodging
 + Level 0.6 Stealth
 + Level 4.2 Shields


You had 3 spell levels left.
You didn't know any spells.
Your spell library contained the following spells:

 Spells                   Type           Power      Damage    Failure   Level
 Sublimation of Blood     Necr           0%         N/A       96%         2
 Petrify                  Tmut/Erth      0%         N/A       100%        4
 Irradiate                Conj/Tmut      0%         3d13      100%        5
 Metabolic Englaciation   Hex/Ice        0%         N/A       100%        5
 Eringya's Noxious Bog    Tmut/Pois      0%         N/A       100%        6
 Simulacrum               Ice/Necr       0%         N/A       100%        6


Dungeon Overview and Level Annotations

Branches:
Dungeon (3/15)

Altars:

Shops:
D:1 :


Innate Abilities, Weirdness & Mutations

You have a pair of horns on your head.
You reflexively headbutt those who attack you in melee.


Message History

You barely miss the gnoll.
The gnoll is heavily wounded.
The gnoll hits you with a +0 whip of freezing.
The gnoll freezes you.
You closely miss the gnoll. Your headbutt misses the gnoll.
The gnoll is heavily wounded.
The gnoll barely misses you. You block the gnoll's attack.
You completely miss the gnoll.
The gnoll is heavily wounded.
The gnoll completely misses you. You furiously retaliate!
You headbutt the gnoll, but do no damage.
You barely miss the gnoll.
The gnoll is heavily wounded.
The gnoll hits you with a +0 whip of freezing.
The gnoll freezes you.
You hit the gnoll.
The gnoll is heavily wounded.
The gnoll hits you with a +0 whip of freezing.
The gnoll freezes you.
You barely miss the gnoll.
You headbutt the gnoll, but do no damage.
The gnoll is heavily wounded.
The gnoll hits you with a +0 whip of freezing.
The gnoll freezes you. The gnoll hits you but does no damage.
You hit the gnoll.
The gnoll is heavily wounded.
The gnoll barely misses you.
You hit the gnoll but do no damage. You headbutt the gnoll.
You kill the gnoll!
You slash the gnoll!
The gnoll is severely wounded.
The gnoll hits you with a +0 flail. The gnoll hits you but does no damage.
You barely miss the gnoll. Your headbutt misses the gnoll.
The gnoll is severely wounded.
The gnoll hits you with a +0 flail!
* * * LOW HITPOINT WARNING * * *
You slash the gnoll!
You kill the gnoll!
You closely miss the gnoll. The gnoll hits you with a +0 flail.
You die...

.....#
#.##.##########
#.##.#........#
......#.#####.####
#.##.#.## #......#
#.##<### #.#.##.#
.....# #.#.##.#
.##### #. ..##.#
.# #..####@# .#
.....##g# ..
.#.......# ..
..#..#### ... #.
#.. #


You could see a gnoll.

Vanquished Creatures
  3 gnolls (D:3)
  3 adders (D:2)
  2 worms (D:2)
  2 dart slugs (D:2)
  2 endoplasms (D:2)
  A giant cockroach (D:2)
  5 goblins
  2 hobgoblins (D:2)
  7 jackals
  5 kobolds
  2 quokkas (D:2)
  4 ball pythons
  3 bats (D:2)
  2 frilled lizards (D:1)
  9 rats
52 creatures vanquished.

Notes
Turn   | Place    | Note
-------+----------+-------------------------------------------
     0 | D:1      | GigaChad the Minotaur Fighter began the quest for the Orb.
     0 | D:1      | Reached XP level 1. HP: 19/19 MP: 0/0
    95 | D:1      | Reached XP level 2. HP: 25/27 MP: 1/1
   117 | D:1      | Found Ufisos's Book Boutique.
   656 | D:2      | Reached XP level 3. HP: 3/33 MP: 2/2
  1368 | D:2      | Reached skill level 1 in Dodging
  1562 | D:2      | Reached XP level 4. HP: 40/40 MP: 3/3
  1664 | D:2      | Got Sif Muna's Incunabulum of Cold and Poison
  1903 | D:3      | Slain by a gnoll

Illustrated notes

Levels and vault maps discovered:
D:1:      moated_graveyard_arrival, layout_loops_ring, serial_shops, shop,
          hangedman_decor_points
D:2:      minmay_spotlight, layout_basic
D:3:      layout_loops_cross, hellmonk_ecumenical_altar_arch_garden,
          minmay_misc_feat_nine_boxes

Skill      XL: |  1  2  3 |
---------------+----------+-----
Shields        | 4 |  4.2
Armour         | 4 |  4.5
Fighting       | 4 |  4.2
Long Blades    | 3 |  3.6
Dodging        | 1 |  1.4
Stealth        | |  0.6

Action                   |  1- 3 |  4- 6 || total
-------------------------+-------+-------++-------
Melee: Long sword        |    95 |    36 ||   131
       Headbutt          |     7 |     4 ||    11
  Use: Scroll            |     1 |       ||     1
Armor: Scale mail        |    60 |    17 ||    77
Dodge: Dodged            |    47 |    22 ||    69
Block: Buckler           |    30 |    10 ||    40
